 Dungeon Crawl Stone Soup version 0.29.1-1-gd02db6906a (webtiles) character file.

Game seed: 8891049427099529983

53 nshep25 the Covered (level 4, -1/27 (35) HPs)
             Began as a Human Fighter on Oct 12, 2022.
             Slain by Jessica
             ... wielding a +2 dagger of draining
              (6 damage)
             ... on level 2 of the Dungeon.
             The game lasted 00:02:24 (1550 turns).

nshep25 the Covered (Human Fighter)                 Turns: 1550, Time: 00:02:28

HP:   -1/27 (35)    AC:  8    Str: 18    XL:     4   Next: 10%
MP:   4/4           EV:  9    Int:  8    God:
Gold: 144           SH:  5    Dex: 13    Spells: 3/3 levels left

rFire   . . .      SeeInvis .   a - +0 war axe
rCold   . . .      Faith    .   c - +0 buckler
rNeg    . . .      Spirit   .   b - +0 scale mail
rPois   .          Reflect  .   (no helmet)
rElec   .          Harm     .   (no cloak)
rCorr   .          Rampage  .   (no gloves)
Will    .....                   n - +0 pair of boots
Stlth   ..........              (no amulet)
HPRegen 0.09/turn               (no ring)
MPRegen 0.09/turn               (no ring)

@: heavily drained
A: no striking features
a: no special abilities


You were on level 2 of the Dungeon.
You visited 1 branch of the dungeon, and saw 2 of its levels.

You collected 144 gold pieces.

Inventory:

Hand Weapons
 a - a +0 war axe (weapon)
Missiles
 f - a throwing net (quivered)
Armour
 b - a +0 scale mail (worn)
 c - a +0 buckler (worn)
 n - a +0 pair of boots (worn)
Scrolls
 e - a scroll of blinking {unknown}
 g - 2 scrolls of teleportation {unknown}
 h - a scroll of butterflies {unknown}
 j - 2 scrolls of identify {unknown}
Potions
 d - a potion of might
 i - 2 potions of haste {unknown}
 k - a potion of magic {unknown}
 l - 5 potions of heal wounds {unknown}
 m - a potion of degeneration {unknown}
 o - a potion of resistance {unknown}


   Skills:
 + Level 3.2 Fighting
 + Level 3.1 Axes
 + Level 3.4 Armour
 + Level 0.2 Dodging
 + Level 3.3 Shields


You had 3 spell levels left.
You didn't know any spells.
Your spell library was empty.

Dungeon Overview and Level Annotations

Branches:
Dungeon (2/15)

Altars:

Annotations:
D:2 Jessica


Message History

You closely miss Jessica. Jessica hits you but does no damage.
You feel drained.
You hit Jessica.
Jessica is moderately wounded.
Jessica closely misses you. Jessica hits you but does no damage.
You feel drained.
You hit Jessica but do no damage.
Jessica is moderately wounded.
Jessica mumbles some strange words.
Jessica blinks!
Jessica hits you with a +2 dagger of draining.
You feel drained.
You barely miss Jessica.
Jessica is moderately wounded.
Jessica closely misses you. Jessica barely misses you.
You barely miss Jessica.
Jessica is moderately wounded.
Jessica hits you with a +2 dagger of draining.
You feel drained.
You closely miss Jessica.
Jessica is moderately wounded.
Jessica hits you but does no damage.
You feel drained.
You hit Jessica but do no damage.
Jessica is moderately wounded.
Jessica points at you and mumbles some strange words.
Pain shoots through your body!
Jessica hits you with a +2 dagger of draining.
You feel drained.
You slash Jessica!
Jessica is almost dead.
Jessica gestures at you while chanting. Pain shoots through your body!
* * * LOW HITPOINT WARNING * * *
You closely miss Jessica.
Jessica is almost dead.
Jessica hits you with a +2 dagger of draining.
* * * LOW HITPOINT WARNING * * *
You feel drained.
Jessica hits you with a +2 dagger of draining.
You die...

.......##
........#.#
...........
........#.#.
....#####.#. ###.#
#.##. #.# #.##.###
#.# #.##...####
#.#####.# #..@.#
###.......#######@#
..###...###...###.#
...##...##.....##.#
....#...#.....).#.#
..).'...'.......#.#
....#...#.......#.##
...##...##.....##..#
..###...###...####.#


You could see Jessica.

Vanquished Creatures
  An adder (D:2)
  A worm (D:2)
  A dart slug (D:2)
  A bat (D:1)
  2 endoplasms
  2 giant cockroaches (D:1)
  5 hobgoblins
  2 quokkas
  5 ball pythons
  3 frilled lizards (D:1)
  3 goblins
  8 kobolds
  3 rats
37 creatures vanquished.

Notes
Turn   | Place    | Note
-------+----------+-------------------------------------------
     0 | D:1      | nshep25 the Human Fighter began the quest for the Orb.
     0 | D:1      | Reached XP level 1. HP: 18/18 MP: 1/1
    34 | D:1      | Reached XP level 2. HP: 11/24 MP: 2/2
   428 | D:1      | Reached XP level 3. HP: 17/29 MP: 3/3
  1402 | D:2      | Reached XP level 4. HP: 30/35 MP: 4/4
  1535 | D:2      | Noticed Jessica
  1550 | D:2      | Slain by Jessica

Illustrated notes

Levels and vault maps discovered:
D:1:      dpeg_arrival_stone_temple_mockup, layout_rooms,
          wander_ebering_terrifying_dragon_lair
D:2:      kennysheep_six_static_rooms, layout_basic, uniq_jessica

Skill      XL: |  1  2  3 |
---------------+----------+-----
Axes           | 3 |  3.1
Fighting       | |  3.2
Armour         | |  3.4
Dodging        | |  0.2
Shields        | |  3.3

Action                   |  1- 3 |  4- 6 || total
-------------------------+-------+-------++-------
Melee: War axe           |    73 |    12 ||    85
Armor: Scale mail        |    43 |     5 ||    48
Dodge: Dodged            |    35 |     5 ||    40
Block: Buckler           |    10 |       ||    10
